 Dungeon Crawl Stone Soup version 0.27-a0-720-g3f424a255b (webtiles) character file.

Game seed: 14363539243427635788

256 DarkShadow the Shield-Bearer (level 6, 0/48 HPs)
             Began as a Formicid Fighter on Mar 23, 2021.
             Was an Initiate of Gozag.
             Slain by an orc
             ... wielding a +0 trident
              (1 damage)
             ... on level 4 of the Dungeon.
             The game lasted 00:07:00 (3195 turns).

DarkShadow the Shield-Bearer (Formicid Fighter)     Turns: 3195, Time: 00:07:01

Health: 0/48       AC: 12    Str: 21    XL:     6   Next: 39%
Magic:  6/6        EV:  5    Int:  7    God:    Gozag
Gold:   314        SH: 10    Dex: 12    Spells: 5/5 levels left

rFire    . . .     SeeInvis +   a - +0 trident
rCold    . . .     Faith    .   c - +0 kite shield
rNeg     . . .     Spirit   .   g - +0 plate armour
rPois    .         Reflect  .   (helmet unavailable)
rElec    .         Harm     .   (no cloak)
rCorr    .         Rampage  .   (no gloves)
Will     .....                  (no boots)
Stlth    ..........             (no amulet)
HPRegen  0.16/turn              (no ring)
MPRegen  0.10/turn              (no ring)

@: no status effects
A: permanent stasis, dig shafts and tunnels, antennae 3, four strong arms
a: Dig, Shaft Self, Renounce Religion, Potion Petition, Call Merchant, Bribe
Branch


You were on level 4 of the Dungeon.
You worshipped Gozag.
Gozag was aware of your devotion.
You visited 1 branch of the dungeon, and saw 4 of its levels.

You collected 324 gold pieces.
You paid 10 gold pieces to Gozag.

Inventory:

Hand Weapons
 a - a +0 trident (weapon)
Armour
 b - a +0 scale mail
 c - a +0 kite shield (worn)
 g - a +0 plate armour (worn)
Jewellery
 l - a ring of flight
Scrolls
 f - a scroll of vulnerability {unknown}
 h - a scroll of silence {unknown}
 i - a scroll of identify {unknown}
 k - a scroll of enchant weapon {unknown}
Potions
 d - a potion of might
 e - a potion of resistance {unknown}
 j - a potion of haste {unknown}
 m - a potion of flight {unknown}
 o - a potion of degeneration {unknown}
 p - a potion of heal wounds {unknown}


   Skills:
 + Level 3.8 Fighting
 + Level 4.1 Polearms
 + Level 4.7 Armour
 + Level 5.0 Shields


You had 5 spell levels left.
You didn't know any spells.
Your spell library contained the following spells:

 Spells                   Type           Power      Damage    Failure   Level
 Summon Small Mammal      Summ           0%         N/A       100%        1
 Call Imp                 Summ           0%         N/A       100%        2
 Call Canine Familiar     Summ           0%         N/A       100%        3
 Summon Guardian Golem    Hex/Summ       0%         N/A       100%        3
 Summon Ice Beast         Ice/Summ       0%         N/A       100%        4
 Summon Lightning Spire   Summ/Air       0%         N/A       100%        4


Dungeon Overview and Level Annotations

Branches:
Dungeon (4/15)
 Temple: D:4-7

Altars:
Dithmenos
Gozag

Shops:
D:2 *


Innate Abilities, Weirdness & Mutations

You cannot be hasted, slowed, berserked, paralysed or teleported.
You can dig through walls and to a lower floor.
You have a pair of large antennae on your head. (SInv)
Your four strong arms can wield two-handed weapons with a shield.


Message History

You block the puff of flame. You block the orc wizard's attack.
The orc hits you but does no damage.
You barely miss the orc wizard.
The orc wizard is heavily wounded.
The orc wizard hits you but does no damage.
The orc wizard hits you with a staff of poison.
You block the orc's attack.
You puncture the orc wizard!
You kill the orc wizard!
The orc wizard barely misses you. The orc barely misses you.
Your Polearms skill increases to level 4!
You block the orc's attack.
Items here: ! $ ) [.
You hit the orc wizard.
The orc wizard is lightly wounded.
You block the orc wizard's attack.
The orc hits you from afar with a +0 trident.
* * * LOW HITPOINT WARNING * * *
You hit the orc wizard but do no damage.
The orc wizard is lightly wounded.
The orc wizard gestures at itself while chanting.
The orc wizard flickers and vanishes for a moment.
You block the orc's attack.
The orc wizard hits you with a staff of poison.
* * * LOW HITPOINT WARNING * * *
The orc wizard envenoms you.
* * * LOW HITPOINT WARNING * * *
You are poisoned.
You block the orc's attack.
Are you sure you want to shaft yourself?
You feel sick. You block the orc wizard's attack. You block the orc's attack.
You begin to dig a shaft.
You continue digging a shaft.
You feel sick.
You are no longer poisoned.
The orc wizard casts a spell at you. The puff of flame hits you.
* * * LOW HITPOINT WARNING * * *
The orc hits you from afar with a +0 trident.
You die...
Your body crumbles into a pile of gold.

#............
#..............
#.........#....
#.........#...
#.........#.# .##.
#......$....# ###.#..
#..........## ##......
#.........#########..#..#.
####..#!o@................
#...o..........##......
###..#.........##...#
#..............)..#.###
#....#..........#.......
#.....^#........#....(..
#......###........#.......
..#.... #........#.......
.###### #........########


You could see an orc wizard (invisible) and an orc.

Vanquished Creatures
  2 hounds
  An orc wizard (D:4)
  2 worker ants (D:4)
  A hound skeleton (D:4)
  4 adders
  A worm (D:2)
  3 dart slugs
  2 orcs (D:4)
  4 ball pythons
  3 bats
  2 giant cockroaches
  7 goblins
  7 hobgoblins
  6 jackals
  3 oozes
  3 quokkas
  3 frilled lizards
  6 kobolds
  5 rats
65 creatures vanquished.

Notes
Turn   | Place    | Note
-------+----------+-------------------------------------------
     0 | D:1      | DarkShadow the Formicid Fighter began the quest for the
                  | Orb.
     0 | D:1      | Reached XP level 1. HP: 18/18 MP: 1/1
   355 | D:1      | Reached XP level 2. HP: 22/24 MP: 2/2
   500 | D:1      | Reached skill level 4 in Shields
   506 | D:1      | Reached XP level 3. HP: 29/29 MP: 3/3
  1180 | D:2      | Found a shadowy altar of Dithmenos.
  1317 | D:2      | Reached XP level 4. HP: 36/36 MP: 4/4
  1324 | D:2      | Found an opulent altar of Gozag.
  1328 | D:2      | Found Gozag's Platinum Reserve.
  1332 | D:2      | Became a worshipper of Gozag Ym Sagoz the Greedy
  2344 | D:3      | Reached XP level 5. HP: 42/42 MP: 5/5
  2380 | D:3      | Reached skill level 5 in Shields
  3062 | D:4      | Reached XP level 6. HP: 29/48 MP: 6/6
  3195 | D:4      | HP: 1/48 [orc wizard/puff of flame (5)]
  3195 | D:4      | Slain by an orc

Illustrated notes

Levels and vault maps discovered:
D:1:      psy_arrival_dodecagon, layout_loops_corners
D:2:      layout_loops_corners, nicolae_gozag_zags_fifth_avenue,
          nicolae_dithmenos_shadow_blocks
D:3:      layout_basic
D:4:      layout_rooms, uniq_grinder

Skill      XL: |  1  2  3  4  5  6 |
---------------+-------------------+-----
Shields        | 4 5 |  5.0
Polearms       | 3 4 |  4.1
Armour         | 4 |  4.7
Fighting       | |  3.8

Action                   |  1- 3 |  4- 6 || total
-------------------------+-------+-------++-------
Melee: Trident           |    88 |   162 ||   250
 Abil: Shaft Self        |       |     1 ||     1
  Use: Potion            |       |     1 ||     1
Armor: Plate armour      |    70 |    89 ||   159
       Scale mail        |     1 |       ||     1
Dodge: Dodged            |    19 |    26 ||    45
Block: Kite shield       |    75 |   119 ||   194

Table legend: (Time is in decaauts)
 A = Elapsed time spent in this place.
 B = Non-inter-level travel time spent in this place.
 C = Inter-level travel time spent in this place.
 D = Time resting spent in this place.
 E = Time spent auto-exploring this place.
 F = Levels seen in this place.
 G = Mean time per level.
                   A        B        C        D        E       F      G
               +--------+--------+--------+--------+--------+-----+--------+
         Total |   3271 |   3259 |     12 |    385 |   1828 |   4 |  817.8 |
       Dungeon |   3271 |   3259 |     12 |    385 |   1828 |   4 |  817.8 |
               +--------+--------+--------+--------+--------+-----+--------+

Top non-repeatable levels by time:
     D:2: 1311 daAuts
     D:1: 1020 daAuts
     D:3: 539 daAuts
     D:4: 400 daAuts
